Map: Fracture LE

Players

SpeCial - Winner!

  • Race: Terran Terran
  • Spawn Location: 5:00

Reynor

  • Race: Zerg Zerg
  • Spawn Location: 11:00

Event: WCS Montreal 2018

VOD

Have the link to the VOD?

Description

Time

  • Played on: Sept. 7, 2018, 7:31 p.m.
  • Length: 25:21

All games in this series

Show
View Real Time Build Order
Export as new Build Order

SpeCial Terran - Winner!

Build Orders: Reaper Expand, Hellion Banshee, MMM Bio 

Get SALT Encoding   

  12  0:00  SCV  
  13  0:12  SCV  
  14  0:19  Supply Depot  
  14  0:25  SCV  
  15  0:40  SCV  
  15  0:41  Barracks  
  16  0:45  Refinery  
  16  0:52  SCV  
  17  1:04  SCV  
  18  1:16  SCV  
  19  1:30  Orbital Command, Reaper  
  20  1:39  Command Center  
  20  1:52  Supply Depot  
  20  1:56  SCV  
  21  2:01  Marine  
  21  2:05  Factory  
  21  2:08  SCV  
  23  2:15  Refinery  
  23  2:20  SCV  
  24  2:24  Barracks Reactor  
  24  2:32  SCV  
  25  2:44  SCV  
  26  2:56  Starport, Orbital Command, SCV  
  27  3:05  Hellion x2  
  31  3:12  SCV  
  32  3:18  Barracks Tech Lab  
  32  3:22  SCV  
  32  3:24  SCV  
  32  3:26  Hellion  
  32  3:27  Hellion  
  38  3:33  Supply Depot  
  38  3:34  SCV  
  38  3:36  SCV  
  40  3:41  Cloaking Field  
  40  3:42  Banshee  
  40  3:46  SCV  
  40  3:48  Hellion  
  46  3:50  Barracks Tech Lab  
  46  3:54  Supply Depot  
  46  3:55  SCV, Hellion  
  49  3:58  SCV  
  50  4:07  SCV  
  50  4:09  Marine  
  51  4:10  SCV  
  51  4:13  Stimpack  
  53  4:19  SCV  
  53  4:22  SCV  
  55  4:25  Banshee  
  58  4:31  SCV  
  58  4:33  Marine  
  60  4:38  Command Center  
  60  4:45  Factory Reactor  
  60  4:47  SCV x2  
  60  4:48  Barracks  
  60  4:49  Barracks  
  62  4:56  Supply Depot  
  62  5:04  SCV, Marine  
  62  5:08  SCV  
  56  5:16  SCV  
  56  5:20  SCV  
  59  5:22  Engineering Bay, Marine, Barracks  
  59  5:23  Engineering Bay  
  59  5:28  Bunker, SCV  
  57  5:32  SCV  
  57  5:34  Starport Reactor  
  59  5:40  Refinery, Marine  
  59  5:41  Refinery, SCV  
  61  5:43  Marine  
  61  5:44  Marine  
  61  5:45  SCV  
  61  5:48  Siege Tank  
  67  5:50  Terran Infantry Weapons Level 1  
  67  5:51  Terran Infantry Armor Level 1  
  67  5:57  Marine  
  67  6:01  Marine  
  67  6:03  Marine  
  67  6:04  SCV x2  
  72  6:09  Orbital Command  
  72  6:11  Marine x2  
  72  6:13  Medivac x2  
  72  6:14  Supply Depot  
  72  6:15  Marine  
  72  6:17  SCV x2  
  81  6:19  Combat Shield, Marine  
  81  6:20  Marine  
  83  6:27  Barracks x2  
  83  6:29  Marine x2  
  83  6:31  Orbital Command  
  85  6:35  Siege Tank, SCV x2, Marine  
  85  6:36  Supply Depot, Marine  
  85  6:38  Marine  
  90  6:45  Medivac  
  89  6:47  Marine x2  
  89  6:52  SCV x2  
  93  6:56  Marauder, Marine  
  93  6:57  Supply Depot  
  93  7:01  Marine  
  93  7:04  SCV  
  93  7:08  Siege Tank  
  89  7:14  Marine  
  89  7:15  Marine x2, Medivac  
  81  7:17  Marauder, SCV x2  
  81  7:18  Marine  
  84  7:32  Marine  
  84  7:33  Marine x2  
  84  7:36  Marine  
  81  7:38  Marauder  
  81  7:40  Siege Tank  
  68  7:50  Marine  
  68  7:51  Marine x2  
  64  7:53  SCV  
  64  7:54  SCV, Marine  
  64  7:56  SCV  
  66  8:00  Marauder  
  67  8:06  SCV x2  
  67  8:08  Marine  
  67  8:12  Siege Tank, SCV, Marine  
  75  8:17  Barracks Tech Lab  
  75  8:18  SCV  
  74  8:21  Marine  
  74  8:24  Marine x2  
  74  8:25  Marine  
  73  8:30  Marine  
  73  8:33  SCV x2  
  72  8:35  SCV  
  72  8:36  Marine  
  72  8:38  Marine  
  75  8:42  Marine x2  
  75  8:44  Marine  
  75  8:45  SCV x2  
  75  8:46  Concussive Shells  
  75  8:48  SCV, Marine  
  82  8:53  Marine  
  83  8:57  Marauder  
  83  8:59  Siege Tank, SCV  
  83  9:00  Supply Depot, Marine x2  
  83  9:02  Supply Depot, SCV x2  
  93  9:07  Armory  
  93  9:17  Starport Reactor  
  93  9:21  Marine x2  
  93  9:22  SCV x3  
  93  9:23  Marine x3  
  100  9:28  Supply Depot  
  100  9:34  SCV x3  
  103  9:39  Marauder, Marine  
  103  9:40  Marine  
  103  9:42  Marine  
  105  9:46  SCV x2  
  105  9:51  Marauder  
  106  9:56  Marine  
  105  10:03  Marine  
  105  10:04  SCV x2  
  102  10:16  SCV x2  
  102  10:18  Orbital Command, Terran Infantry Armor Level 2, Terran Infantry Weapons Level 2  
  102  10:20  Marine x2  
  106  10:22  Marine  
  106  10:24  Marine x2  
  106  10:27  Medivac  
  111  10:28  SCV  
  111  10:30  Supply Depot, Marine  
  111  10:32  SCV  
  111  10:33  Barracks  
  111  10:35  Supply Depot  
  114  10:38  Marine x2  
  114  10:40  SCV  
  117  10:49  Missile Turret  
  117  10:52  SCV x2, Marine x3  
  117  10:53  SCV  
  123  10:58  Siege Tank  
  123  11:04  SCV, Marine x2  
  123  11:05  SCV  
  123  11:07  Marauder  
  123  11:09  Marine x2  
  123  11:10  Medivac  
  133  11:20  Marine  
  133  11:21  SCV  
  133  11:22  Supply Depot, Marine x2  
  133  11:23  Supply Depot  
  117  11:29  Marine x2  
  117  11:31  Siege Tank, Marine  
  115  11:35  Medivac  
  115  11:38  Marine  
  115  11:39  Marine  
  116  11:40  SCV x2, Marine, Medivac  
  116  11:41  Supply Depot  
  116  11:42  Barracks Reactor  
  116  11:45  SCV  
  121  11:49  Supply Depot x2, Marine  
  121  11:52  SCV  
  117  11:59  SCV  
  117  12:00  Marine  
  115  12:02  Marine  
  115  12:04  Marine  
  115  12:08  Siege Tank  
  113  12:09  Marine x2  
  113  12:11  Missile Turret  
  109  12:16  Marine x2  
  110  12:23  Marine  
  110  12:25  Marine  
  108  12:30  Marine x2  
  108  12:32  Marine  
  108  12:34  Marauder, Marine  
  108  12:36  SCV x2  
  113  12:41  Orbital Command  
  113  12:42  Missile Turret  
  112  12:46  Marine x2  
  112  12:47  Marine  
  112  12:48  SCV, Marine  
  116  12:51  Marine  
  116  12:52  Marauder  
  116  12:55  SCV, Marine  
  121  13:00  SCV  
  121  13:04  Marine x2  
  121  13:05  Marine  
  124  13:06  Armory, Marine  
  126  13:13  Marine x2  
  126  13:15  Engineering Bay, Barracks Reactor  
  126  13:17  SCV x2  
  128  13:20  SCV  
  128  13:22  Marine x2  
  131  13:29  SCV x2  
  131  13:32  Marauder  
  131  13:33  Marauder, Marine  
  129  13:36  Marine  
  129  13:41  Marine x2  
  126  13:51  Marine  
  126  13:53  Marine  
  126  13:54  SCV x2, Marine x2  
  132  13:58  Marine x3  
  132  13:59  Marine  
  126  14:09  Marine  
  125  14:11  Marine x2  
  125  14:12  Marine  
  125  14:16  Marine  
  125  14:17  SCV  
  125  14:21  Marine  
  125  14:23  Marine  
  124  14:25  Marine  
  124  14:26  Marine  
  124  14:28  Marine  
  124  14:29  Marine  
  124  14:30  Marine  
  129  14:34  Marine  
  130  14:38  SCV x2  
  130  14:39  Marine  
  130  14:41  Marine  
  130  14:43  Marine  
  130  14:44  Marine  
  136  14:46  Marine  
  136  14:47  Marine  
  136  14:48  Siege Tank, Marine  
  136  14:51  Marine  
  140  14:56  Marine  
  140  14:59  SCV, Marine  
  143  15:01  Armory, Marine  
  143  15:02  Refinery, Supply Depot x3, Marine  
  143  15:03  Engineering Bay  
  143  15:04  Marine  
  143  15:05  Marine  
  147  15:07  Marine  
  147  15:08  Medivac  
  147  15:09  Marine  
  147  15:13  Refinery  
  151  15:14  Marine  
  151  15:15  Supply Depot  
  151  15:17  Marine  
  151  15:20  Marine  
  154  15:22  Marauder  
  154  15:27  Marine x2  
  158  15:32  Marine x2  
  158  15:34  Marine  
  157  15:36  Medivac, Command Center  
  157  15:38  Medivac  
  161  15:45  Missile Turret  
  161  15:46  Supply Depot  
  160  15:51  Marine  
  160  15:59  Marauder  
  160  16:02  Marine  
  160  16:03  Marine  
  164  16:06  Marine, Medivac  
  164  16:08  Medivac  
  154  16:12  Marine x2  
  154  16:13  Marine  
  138  16:21  Marine  
  138  16:22  Marine  
  138  16:23  Marine x2  
  138  16:24  Marine  
  136  16:26  Supply Depot  
  136  16:30  Marine x2  
  138  16:35  Marine  
  138  16:36  Medivac  
  139  16:40  Marine x2  
  139  16:41  Marauder  
  139  16:51  Marine x3  
  144  16:56  Marine  
  143  17:02  Missile Turret  
  143  17:06  Terran Infantry Weapons Level 3  
  142  17:17  Marine  
  141  17:32  Marine x2  
  131  17:41  Siege Tank  
  132  17:44  Marine x2  
  132  17:48  Marine  
  129  17:58  Marine  
  129  18:03  Marine  
  126  18:11  Marine x2  
  126  18:12  Marine x2  
  126  18:15  Siege Tank  
  126  18:23  Medivac x2  
  121  18:27  Marine x2  
  121  18:28  Marauder  
  121  18:33  Marine  
  127  18:34  Marauder  
  127  18:39  Marine x2  
  127  18:40  Marine  
  129  18:45  Marine x2  
  130  18:49  Marauder  
  130  18:51  Planetary Fortress, Marine  
  130  18:55  Marine  
  134  18:57  Marine  
  134  18:59  Marine  
  134  19:01  Marine  
  137  19:03  Marine x2  
  137  19:09  Marine  
  136  19:10  Marine  
  136  19:13  Marauder  
  136  19:15  Marine  
  136  19:17  Marine  
  133  19:19  Marine  
  133  19:21  Marine x2  
  135  19:27  Marine  
  135  19:28  Marine  
  135  19:30  Siege Tank  
  130  19:33  Marine  
  130  19:34  Marine  
  129  19:38  Marine  
  129  19:39  Marine  
  131  19:47  Marine x2  
  131  19:48  Missile Turret  
  133  19:53  Medivac  
  135  20:00  Marine x3  
  140  20:15  Marauder, Marine x2  
  140  20:17  Marauder, Marine  
  140  20:18  Marine  
  148  20:22  Siege Tank  
  154  20:33  Marine x2  
  155  20:39  Viking  
  155  20:40  Viking  
  151  20:48  Marine  
  147  20:51  Marine x2  
  147  20:52  Marine  
  147  20:53  Marine  
  149  20:59  Marine x2  
  149  21:01  Marine  
  152  21:06  Marine  
  152  21:09  Viking  
  152  21:10  Viking  
  152  21:11  Marine  
  152  21:13  Marine  
  153  21:20  Marine  
  153  21:23  Marauder  
  155  21:31  Marine  
  155  21:39  Marauder, Marine, Viking  
  183  21:40  Viking  
  158  21:57  Marauder, Marine  
  157  22:02  Marauder, Marine  
  157  22:04  Marine  
  157  22:07  Marine x3  
  162  22:09  Viking  
  162  22:14  Marine  
  165  22:19  Marauder, Marine  
  165  22:21  Siege Tank  
  165  22:22  Marine  
  172  22:24  Marauder  
  172  22:25  Marine x2  
  172  22:26  Marine  
  168  22:37  Viking  
  168  22:39  Orbital Command, Viking  
  171  22:46  Marine x2  
  171  22:50  Missile Turret  
  169  22:55  Marine  
  169  22:56  Marine  
  161  23:07  SCV x3  
  161  23:11  Siege Tank  
  167  23:12  Viking x2  
  167  23:16  Marine  
  167  23:17  Marine x3  
  167  23:19  SCV  
  175  23:20  Marine  
  175  23:21  SCV x2  
  178  23:27  Marauder  
  178  23:28  Marauder, Marine  
  178  23:31  SCV  
  178  23:34  Marine  
  182  23:35  Marine x3  
  182  23:38  Marine  
  179  23:46  Marine  
  169  23:48  Marauder  
  169  23:50  Marauder  
  169  23:52  Marine  
  169  23:53  Marine  
  164  23:55  Marine  
  164  23:57  Marine x2  
  164  24:04  Marine  
  164  24:07  Medivac x2  
  164  24:09  Marine x2  
  165  24:10  Marine  
  165  24:11  Marine  
  165  24:16  Marine x2  
  169  24:18  Siege Tank  
  169  24:22  Barracks  
  172  24:29  Marine x2  
  164  24:34  Marine x2  
  164  24:37  Viking  
  164  24:38  Viking  
  139  24:40  Marine x2  
  139  24:44  Marine x2  
  140  24:47  Marine x2  
  140  24:52  Marine x2  
  125  24:58  Marine x2  
  126  25:01  Marine x2  
  126  25:07  SCV x2  
Show
View Real Time Build Order
Export as new Build Order

Reynor Zerg 

Build Orders: Hatch First 

Get SALT Encoding   

  12  0:00  Drone  
  13  0:12  Overlord  
  13  0:16  Drone  
  14  0:30  Drone x2  
  16  0:49  Hatchery  
  15  0:51  Drone  
  15  0:55  Drone  
  17  0:58  Drone  
  18  1:08  Extractor  
  17  1:15  Spawning Pool  
  17  1:17  Drone  
  17  1:21  Drone  
  18  1:27  Drone  
  19  1:38  Drone  
  20  1:54  Hatchery  
  20  2:01  Queen  
  19  2:03  Zergling x2  
  19  2:06  Zergling x2  
  23  2:16  Queen  
  25  2:25  Spore Crawler  
  25  2:26  Drone  
  25  2:31  Spore Crawler  
  25  2:32  Drone  
  25  2:36  Drone  
  28  2:41  Overlord  
  28  2:44  Metabolic Boost  
  28  2:51  Spore Crawler  
  28  2:56  Overlord  
  28  3:01  Drone x4  
  32  3:07  Queen  
  32  3:11  Drone  
  35  3:13  Drone  
  35  3:15  Drone  
  35  3:18  Zergling x2  
  38  3:20  Zergling x2  
  38  3:26  Drone  
  40  3:29  Drone x3  
  40  3:31  Zergling x2  
  44  3:39  Overlord  
  44  3:49  Drone x5  
  44  3:50  Drone  
  44  3:55  Roach Warren  
  49  3:56  Zergling x2  
  49  4:00  Zergling x6  
  49  4:02  Drone  
  54  4:09  Queen  
  56  4:13  Extractor  
  56  4:14  Overlord  
  55  4:20  Overlord  
  55  4:34  Spore Crawler, Roach x2  
  58  4:38  Spore Crawler  
  58  4:40  Spore Crawler  
  58  4:42  Roach x5  
  66  4:45  Drone  
  66  4:46  Overlord  
  66  4:52  Lair  
  66  4:53  Overlord  
  66  5:03  Overlord  
  66  5:05  Drone x4  
  65  5:15  Drone x6  
  65  5:20  Drone x2  
  70  5:27  Drone x4  
  74  5:29  Extractor  
  74  5:30  Drone  
  74  5:36  Queen  
  74  5:37  Overlord  
  74  5:39  Roach  
  74  5:42  Roach  
  80  5:44  Extractor, Roach  
  80  5:47  Roach  
  80  5:49  Zergling x4  
  85  5:50  Overseer  
  85  5:53  Glial Reconstitution  
  85  5:55  Zergling x4  
  85  5:56  Zergling x2  
  88  6:05  Roach x3  
  88  6:06  Roach  
  96  6:11  Zergling x2  
  96  6:12  Overlord x2  
  97  6:20  Overlord  
  97  6:25  Overlord  
  97  6:31  Ravager x4  
  97  6:32  Zergling x18  
  110  6:39  Roach x3  
  116  6:45  Zergling x4, Ravager  
  119  6:47  Ravager  
  119  6:49  Overlord  
  119  6:50  Zergling x6  
  123  6:58  Zergling x8  
  124  7:05  Zergling x6  
  124  7:07  Ravager  
  124  7:08  Ravager x2  
  120  7:14  Roach x2  
  125  7:15  Drone  
  125  7:17  Extractor  
  123  7:23  Roach x4  
  123  7:28  Zergling x4, Roach x2  
  125  7:38  Roach x4  
  125  7:40  Zergling x2  
  125  7:43  Roach  
  119  7:46  Roach  
  119  7:49  Roach  
  113  7:52  Zergling x8  
  113  7:54  Roach  
  113  7:55  Overlord  
  105  8:01  Roach  
  105  8:03  Roach  
  105  8:06  Roach  
  105  8:11  Drone  
  108  8:14  Ravager, Roach x3, Evolution Chamber  
  108  8:15  Ravager  
  108  8:16  Roach  
  108  8:17  Roach  
  108  8:18  Drone  
  120  8:25  Roach x2  
  120  8:26  Roach  
  111  8:31  Roach x2  
  101  8:37  Drone x2  
  101  8:40  Zerg Missile Weapons Level 1, Roach x2  
  101  8:46  Roach  
  101  8:47  Roach x2  
  107  8:49  Ravager  
  107  8:50  Roach  
  107  8:54  Roach  
  112  8:57  Roach x2  
  112  9:01  Ravager  
  117  9:03  Roach  
  117  9:08  Roach x2  
  123  9:11  Overlord, Roach x2  
  123  9:15  Zergling x2  
  123  9:16  Zergling x4  
  130  9:25  Roach  
  130  9:27  Overlord  
  130  9:29  Overlord  
  130  9:36  Roach x4  
  138  9:43  Roach  
  138  9:45  Overlord  
  121  9:56  Roach  
  121  9:57  Roach x7  
  127  10:01  Roach x2  
  127  10:04  Burrow, Tunneling Claws  
  98  10:14  Roach x5  
  98  10:18  Roach x2  
  110  10:24  Drone x3  
  110  10:25  Extractor, Drone x2  
  110  10:27  Drone  
  115  10:29  Ravager x2  
  117  10:35  Drone  
  117  10:40  Ravager x3  
  121  10:46  Hatchery, Roach x2  
  121  10:47  Roach  
  126  10:52  Roach x2  
  130  11:00  Roach x4  
  130  11:04  Zerg Missile Weapons Level 2  
  136  11:08  Roach  
  136  11:09  Roach  
  140  11:11  Overlord  
  140  11:13  Overlord  
  140  11:23  Roach x5  
  140  11:26  Roach  
  140  11:27  Roach  
  140  11:29  Roach x5  
  136  11:32  Roach x6  
  136  11:33  Ravager x2  
  136  11:34  Ravager  
  139  11:43  Roach x2  
  144  11:47  Ravager x2  
  144  11:48  Hatchery  
  144  11:50  Roach  
  144  11:51  Roach x2  
  150  11:56  Roach x4  
  150  11:57  Roach x3  
  150  12:01  Roach x7  
  146  12:07  Roach x6  
  146  12:08  Roach x2  
  154  12:16  Roach x3  
  154  12:17  Overlord  
  154  12:19  Overlord  
  132  12:23  Roach x4  
  132  12:24  Roach  
  132  12:28  Roach x2  
  132  12:29  Ravager x2  
  129  12:30  Roach x2  
  129  12:37  Roach x4  
  135  12:44  Roach x3  
  135  12:48  Roach x2  
  135  12:50  Roach  
  139  12:59  Drone x3  
  139  13:05  Roach x6  
  148  13:07  Roach  
  148  13:13  Roach x2  
  148  13:15  Ravager x3  
  148  13:18  Roach x2  
  157  13:24  Roach  
  155  13:28  Roach x3  
  155  13:29  Overlord  
  135  13:37  Queen  
  135  13:38  Roach  
  135  13:39  Roach x2  
  141  13:42  Drone x2, Roach  
  141  13:43  Drone  
  141  13:46  Drone x2  
  143  13:50  Ravager x2  
  143  13:59  Roach x3  
  143  14:00  Roach x2  
  153  14:04  Roach x2  
  157  14:13  Drone x2  
  157  14:14  Roach x4  
  157  14:15  Roach, Evolution Chamber  
  166  14:17  Ravager x2  
  166  14:19  Overlord  
  166  14:20  Roach x5  
  168  14:27  Roach  
  168  14:28  Overlord  
  168  14:29  Roach  
  168  14:41  Roach x4  
  168  14:52  Roach x5  
  178  14:53  Roach x2  
  178  14:56  Ravager x4  
  178  14:57  Zerg Ground Armor Level 1  
  178  14:59  Overlord  
  182  15:03  Spore Crawler  
  181  15:10  Roach  
  181  15:12  Overlord  
  183  15:15  Drone  
  184  15:23  Roach  
  184  15:24  Roach x3  
  192  15:34  Roach x4, Ravager x4  
  196  15:35  Roach  
  196  15:36  Roach x2  
  200  15:44  Infestation Pit, Roach x3  
  200  15:47  Hatchery  
  200  15:48  Roach x4  
  184  15:54  Roach x3  
  184  15:55  Roach x9  
  199  16:04  Ravager x2  
  168  16:20  Hive  
  168  16:26  Ravager  
  168  16:27  Roach x4  
  168  16:28  Roach x3  
  183  16:34  Extractor, Hatchery  
  181  16:43  Infestor x3  
  172  16:47  Roach  
  172  16:48  Roach x4  
  172  16:53  Roach x2  
  174  16:57  Overlord x2  
  174  17:04  Roach x2  
  174  17:05  Ravager x2  
  180  17:08  Roach  
  180  17:21  Drone x3  
  180  17:22  Extractor  
  182  17:25  Spire  
  179  17:30  Roach x3  
  179  17:31  Roach x3  
  179  17:35  Roach  
  182  17:43  Ravager x3  
  182  17:44  Roach x2  
  187  17:47  Roach  
  187  17:48  Roach x3  
  187  17:52  Roach x3  
  187  17:53  Roach x3  
  187  17:58  Queen  
  192  18:03  Roach x3  
  177  18:10  Roach x3  
  177  18:12  Queen  
  168  18:15  Roach x4  
  170  18:25  Roach x4  
  174  18:35  Roach x3  
  174  18:36  Roach  
  180  18:47  Ravager x2  
  180  18:48  Ravager  
  183  18:54  Greater Spire  
  183  18:55  Zerg Ground Armor Level 2, Roach x2  
  183  18:59  Roach x3  
  183  19:21  Roach x6  
  189  19:25  Roach x4  
  185  19:38  Roach  
  181  19:46  Infestor x2  
  181  19:47  Infestor  
  181  19:49  Ravager x3  
  172  20:12  Corruptor x6  
  168  20:48  Roach  
  166  20:51  Brood Lord x2  
  166  20:56  Brood Lord  
  172  21:01  Extractor  
  172  21:02  Hatchery  
  160  21:15  Brood Lord  
  162  21:25  Corruptor  
  145  21:59  Drone x5  
  145  22:00  Viper  
  145  22:01  Extractor  
  150  22:02  Extractor  
  149  22:24  Corruptor  
  149  22:25  Roach x6  
  149  22:29  Hatchery  
  150  22:45  Corruptor, Roach x3  
  144  23:00  Roach x3  
  144  23:05  Corruptor  
  146  23:11  Queen  
  148  23:16  Corruptor  
  148  23:18  Overlord  
  150  23:25  Hatchery  
  147  23:28  Corruptor  
  141  23:43  Corruptor  
  141  23:55  Corruptor  
  121  24:08  Queen x2  
  115  24:14  Corruptor  
  107  24:31  Hatchery  
  107  24:32  Unknown  
  79  24:52  Corruptor  
  73  24:54  Hatchery  
Tags
 
Add a new tag
Caveats
  • Supply blocks, unpowered buildings, or Contaminate may cause inaccurate times.
  • Supply counts are checked every 10 seconds.